AoeStats
← 秦心酱是最强的

Fortress

511040936Analyzed
1v1 RM · 9h ago on Oct 3, 2026· 52m 48s· 2 players
Game mode
Random Map
Map size
Small (3 player)
Population
200
Speed
Normal
Resources
Standard
Victory
Conquest
Starting age
Dark Age
Ending age
Imperial Age
RankedLock teamsTeams togetherTeam positionsShared explorationLock speedFull tech treeHidden civsTurbo modeCheats
Victory
Defeat
🇫🇷 Lithuanians · France
1168
+16
1158
-16
秦心酱是最强的
5:30 Loom
7:54 Feudal Age
13:07 Castle Age
11:00 Horse Collar
11:19 Double-Bit Axe
15:16 Forging
15:19 Bloodlines
18:42 Bow Saw
25:51 Imperial Age
23:43 Heavy Plow
24:46 Scale Mail Armor
26:00 Chain Mail Armor
26:24 Squires
26:10 Gambesons
27:56 Iron Casting
28:25 Conscription
29:03 Gothikon
30:52 Elite Varangian Guard
33:33 Blast Furnace
35:25 Plate Mail Armor
42:39 Capped Ram
46:34 Wheelbarrow
45:45 Town Watch
Skunq aka toxic
8:21 Feudal Age
13:32 Castle Age
11:31 Double-Bit Axe
11:31 Horse Collar
11:43 Gold Mining
13:09 Stone Mining
24:15 Heavy Plow
24:32 Bow Saw
25:08 Loom
26:22 Wheelbarrow
30:47 Imperial Age
30:36 Scale Barding Armor
30:47 Forging
31:04 Ballistics
32:45 Chemistry
32:07 Elite Leitis
35:07 Hand Cart
35:09 Murder Holes
35:35 Bombard Tower
36:43 Scale Mail Armor
37:18 Iron Casting
37:19 Man-at-Arms
38:01 Squires
37:46 Arson
38:57 Long Swordsman
40:00 Fletching
40:31 Chain Barding Armor
39:48 Two-Handed Swordsman
42:18 Two-Man Saw
43:08 Champion
48:12 Bloodlines
48:03 Husbandry
49:34 Plate Barding Armor
49:28 Chain Mail Armor
Connection lost

Rejoining the realm…

Still unreachable

The connection could not be restored.

Session expired

The server has moved on; the page needs a fresh start.